 Dungeon Crawl Stone Soup version 0.31-a0-1074-g0b22e4e0f1 (webtiles) character file.

Game seed: 8158289460403436169

473 CowFu the Ruffian (level 6, -3/52 HPs)
             Began as a Draconian Shapeshifter on Dec 5, 2023.
             Slain by Pikel
             ... wielding a +2 whip of electrocution
              (7 damage)
             ... on level 4 of the Dungeon.
             The game lasted 00:02:45 (2739 turns).

CowFu the Ruffian (Draconian Shapeshifter)          Turns: 2739, Time: 00:02:46

Health: -3/52      AC:  6    Str: 19    XL:     6   Next: 83%
Magic:  6/6        EV:  9    Int: 10    God:
Gold:   159        SH:  0    Dex: 10    Spells: 5/5 levels left

rFire   . .          .
                       - Unarmed
rCold   . . .        (no shield)
rNeg    . . .        (body armour unavailable)
rPois   .            (helmet currently unavailable)
rElec   .            (cloak currently unavailable)
rCorr   .            (gloves currently unavailable)
SInv    .            (boots currently unavailable)
Will    .....        (no amulet)
Stlth   +            (no ring)
HPRegen 0.28/turn    (no ring)
MPRegen 0.10/turn

%: no passive effects
@: lethally poisoned (-3 -> -5), beast-form, grasped by roots, constricted
A: beast (slay +2), AC +6, unfitting armour, cold-blooded
a: Begin Untransformation


You were on level 4 of the Dungeon.
You were a hulking beast.
You visited 1 branch of the dungeon, and saw 4 of its levels.

You collected 159 gold pieces.

Inventory:

Jewellery
 m - a +6 ring of dexterity
 s - a +5 ring of evasion
Talismans
 b - a beast talisman
 c - a flux talisman
Wands
 t - a wand of digging (5)
Scrolls
 d - 2 scrolls of amnesia
 f - a scroll of teleportation
 l - a scroll of immolation
Potions
 a - 4 potions of lignification
 e - 5 potions of curing
 h - 2 potions of brilliance
 i - a potion of degeneration {unknown}
 o - a potion of attraction {unknown}
 p - a potion of mutation {unknown}


   Skills:
 + Level 3.8 Fighting
 + Level 3.6 Dodging
 + Level 4.6 Unarmed Combat
 + Level 4.4 Shapeshifting


You had 5 spell levels left.
You didn't know any spells.
Your spell library contained the following spells:

 Spells                   Type           Power      Damage    Failure   Level
 Summon Small Mammal      Summ           0%         N/A       36%         1
 Call Canine Familiar     Summ           0%         N/A       75%         3
 Summon Guardian Golem    Hex/Summ       0%         N/A       75%         3


Dungeon Overview and Level Annotations

Branches:
Dungeon (4/15)
 Temple: D:4-7

Altars:
Ru

Annotations:
D:4 Pikel


Innate Abilities, Weirdness & Mutations

You are a hulking beast.
Your limbs bulge with bestial killing power. (Slay +2)
Your plain brown scales are hard. (AC +6)
You cannot fit into any form of body armour.
You are cold-blooded and may be slowed by cold attacks.


Message History

The scorpion is moderately wounded.
The scorpion barely misses you.
You hit the scorpion.
You tail-slap the scorpion, but do no damage.
The scorpion is heavily wounded.
The scorpion stings you.
You are poisoned.
The scorpion poisons you!
You hit the scorpion but do no damage. You tail-slap the scorpion.
You punch the scorpion.
The scorpion is severely wounded.
You feel sick. The scorpion closely misses you.
You punch the scorpion!
You kill the scorpion!
You feel sick.
You closely miss the ball python. You tail-slap the ball python.
You kill the ball python!
You feel sick.
Pikel zaps a wand.
The roots erupt in riotous growth!
The grasping roots grab you! The grasping roots constrict you.
You escape the roots grasp.
You feel sick.
Pikel zaps a wand.
The roots erupt in riotous growth!
The grasping roots grab you!
Pikel is unaffected.
The grasping roots constrict you.
You hear a shout!
You see here a ball python corpse.
You punch Pikel! You tail-slap Pikel.
Pikel is moderately wounded.
You feel sick.
Pikel hits you with a +2 whip of electrocution.
You are electrocuted!!
* * * LOW HITPOINT WARNING * * *
The grasping roots constrict you.
* * * LOW HITPOINT WARNING * * *
You hit Pikel but do no damage.
Pikel is moderately wounded.
You feel sick.
Pikel hits you with a +2 whip of electrocution!
You die...
Pikel says, "Another soul for the market."

##..##.....#..#+###...#
#..........#.....####.#
#..........#....)##..## *
##..........'....).)...# **
#....####...##....##)..# *,
####.####...########...# *,
#....#........!.##..#####*
#....#..........##..##.)##
#########.######h###...##......'.
.##....##'######K##*,,,##......#.
.'.............#5.#,,..........#.
.#.............#..#,...######.###
###..##.>###.###..##..,*#..##+###
.###############..#######.....#..
.....+........................#..
.....#.......S.........##.....##.
.##..##..##..##........##.....##'


You could see Pikel and a lemure.

Vanquished Creatures
  A phantom (D:4)
  A lemure (D:4)
  3 scorpions (D:4)
  2 hounds (D:4)
  2 iguanas (D:4)
  Robin (D:4)
  An adder (D:2)
  A worm (D:3)
  A dart slug (D:1)
  An orc (D:3)
  7 bats
  4 endoplasms
  3 giant cockroaches
  14 goblins
  7 hobgoblins
  4 jackals (D:4)
  3 kobolds
  2 quokkas
  10 ball pythons
  A frilled lizard (D:1)
  14 rats
83 creatures vanquished.

Notes
Turn   | Place    | Note
-------+----------+-------------------------------------------
     0 | D:1      | CowFu the Draconian Shapeshifter began the quest for the
                  | Orb.
     0 | D:1      | Reached XP level 1. HP: 16/16 MP: 1/1
   101 | D:1      | Reached XP level 2. HP: 20/23 MP: 2/2
   610 | D:2      | Reached XP level 3. HP: 26/29 MP: 3/3
  1429 | D:3      | Found a sacrificial altar of Ru.
  1756 | D:3      | Reached XP level 4. HP: 36/36 MP: 4/4
  2233 | D:4      | Noticed Robin
  2259 | D:4      | Reached XP level 5. HP: 31/42 MP: 5/5
  2272 | D:4      | Killed Robin
  2435 | D:4      | Reached XP level 6. HP: 21/51 MP: 6/6
  2686 | D:4      | Noticed Pikel
  2739 | D:4      | Slain by Pikel

Illustrated notes

Levels and vault maps discovered:
D:1:      saegor_arrival_simple_b, layout_basic, chequers_serial_rivers_large_a,
          minivault_14, hex_tiny
D:2:      wander_river, layout_loops_ring
D:3:      layout_loops_ring, mainiacjoe_overflow_cross_hatched
D:4:      layout_gridville, uniq_robin, uniq_pikel

Skill      XL: |  1  2  3  4  5 |
---------------+----------------+-----
Dodging        | 2 3 |  3.6
Fighting       | 2 3 |  3.8
Unarmed Combat | 4 |  4.6
Shapeshifting  | 4 |  4.4

Action                     |  1- 3 |  4- 6 || total
---------------------------+-------+-------++-------
  Melee: Unarmed           |   126 |   117 ||   243
         Tailslap          |    13 |    17 ||    30
         Punch             |     1 |     3 ||     4
    Use: Potion            |       |     2 ||     2
         Scroll            |       |     9 ||     9
   Stab: Sleeping          |     2 |       ||     2
 Armour: Skin              |    53 |    99 ||   152
  Dodge: Dodged            |    76 |    89 ||   165

Table legend: (Time is in decaauts)
 A = Elapsed time spent in this place.
 B = Non-inter-level travel time spent in this place.
 C = Inter-level travel time spent in this place.
 D = Time resting spent in this place.
 E = Time spent auto-exploring this place.
 F = Levels seen in this place.
 G = Mean time per level.
                   A        B        C        D        E       F      G
               +--------+--------+--------+--------+--------+-----+--------+
         Total |   2748 |   2685 |     63 |      0 |   2154 |   4 |  687.0 |
       Dungeon |   2748 |   2685 |     63 |      0 |   2154 |   4 |  687.0 |
               +--------+--------+--------+--------+--------+-----+--------+

Top non-repeatable levels by time:
     D:3: 734 daAuts
     D:2: 723 daAuts
     D:4: 713 daAuts
     D:1: 577 daAuts
